 Dungeon Crawl Stone Soup version 0.27-a0-679-g77a6b55cf3 (webtiles) character file.

Game seed: 12764373963437335530

1 Lanoc the Sneak (level 1, 0/19 HPs)
             Began as a Ghoul Delver on Mar 18, 2021.
             Slain by a worker ant (4 damage)
             ... on level 5 of the Dungeon.
             The game lasted 00:00:20 (154 turns).

Lanoc the Sneak (Ghoul Delver)                       Turns: 154, Time: 00:00:20

Health: 0/19       AC:  3    Str: 15    XL:     1   Next: 20%
Magic:  0/0        EV: 11    Int:  5    God:
Gold:   32         SH:  0    Dex: 10    Spells: 0/0 levels left

rFire    . . .     SeeInvis .     - Unarmed
rCold    + . .     Faith    .   (no shield)
rNeg     + + +     Spirit   .   a - +0 leather armour
rPois    ∞         Reflect  .   (no helmet)
rElec    .         Harm     .   (no cloak)
rCorr    .         Rampage  .   (no gloves)
Will     .....                  (no boots)
Stlth    +++.......             (no amulet)
HPRegen  0.00/turn              (no ring)
MPRegen  0.07/turn              (no ring)

@: no status effects
A: claws 1, cold resistance 1, negative energy resistance 3, inhibited
regeneration, torment resistance 2, unbreathing 1
a: no special abilities


You were on level 5 of the Dungeon.
You visited 1 branch of the dungeon, and saw 1 of its levels.

You collected 32 gold pieces.

Inventory:

Armour
 a - a +0 leather armour (worn)
Wands
 f - a wand of digging (3)
Scrolls
 b - a scroll of fog
 c - a scroll of magic mapping
 d - a scroll of fear
 g - a scroll of identify {unknown}
 h - a scroll of vulnerability {unknown}
Potions
 e - a potion of haste


   Skills:
 + Level 3.3 Fighting
 + Level 1.8 Dodging
 - Level 5.4 Stealth
 - Level 2.1 Unarmed Combat


You couldn't memorise any spells.
You didn't know any spells.
Your spell library was empty.

Dungeon Overview and Level Annotations

Branches:
Dungeon (5/15)
 Temple: D:4-7

Altars:

Annotations:
D:5 Blork the orc


Innate Abilities, Weirdness & Mutations

You thrive by killing the living.
You are immune to poison.
You have sharp fingernails.
Your flesh is cold resistant. (rC+)
You are immune to negative energy. (rN+++)
You do not regenerate when monsters are visible.
You are immune to unholy pain and torment.
You can survive without breathing.


Message History

You scratch the worker ant.
The worker ant is moderately wounded.
The worker ant barely misses you.
You scratch the worker ant.
The worker ant is heavily wounded.
The worker ant bites you.
You completely miss the worker ant.
The worker ant is heavily wounded.
The worker ant bites you. The worker ant barely misses you.
You scratch the worker ant but do no damage.
The worker ant is heavily wounded.
The howler monkey hoots and howls with incredible vigour!
The worker ant barely misses you.
You hear a shout! x2
You barely miss the worker ant.
The worker ant is heavily wounded.
The worker ant closely misses you.
You scratch the worker ant.
The worker ant is almost dead.
The worker ant closely misses you.
You barely miss the worker ant.
The worker ant is almost dead.
The worker ant closely misses you.
You scratch the worker ant but do no damage.
The worker ant is almost dead.
The worker ant barely misses you. x2
You scratch the worker ant but do no damage.
The worker ant is almost dead.
The worker ant bites you but does no damage.
You scratch the worker ant but do no damage.
The worker ant is almost dead.
The worker ant bites you.
* * * LOW HITPOINT WARNING * * *
You scratch the worker ant.
The worker ant is almost dead.
The worker ant barely misses you.
You scratch the worker ant but do no damage.
The worker ant is almost dead.
The worker ant bites you.
You die...

#.........# ..
####.........####....
.....................
.........####.###.###
####.....# #.# #
#####'#######.###.# .#
..................# ..#
######.######.######
...# #............@Bh#
....#
#.#.######.####o##.....#
#.#..# #.#............
#.##.# #.#............
#. #.## #.#............
#.##..# #.#............
#.....# #.#............
#.....# #.#............
#.....## #.#............


You could see Blork the orc, a howler monkey and a worker ant.

Vanquished Creatures
  A giant cockroach (D:5)
1 creature vanquished.

Notes
Turn   | Place    | Note
-------+----------+-------------------------------------------
     0 | D:5      | Lanoc the Ghoul Delver began the quest for the Orb.
     0 | D:5      | Reached XP level 1. HP: 19/19 MP: 0/0
   134 | D:5      | Noticed a worker ant
   136 | D:5      | Noticed a howler monkey
   137 | D:5      | Noticed Blork the orc
   154 | D:5      | Slain by a worker ant

Illustrated notes

Levels and vault maps discovered:
D:5:      layout_basic, basic_altar, uniq_ijyb, uniq_eustachio,
          uniq_blork_the_orc

Action                   || total
-------------------------++-------
Melee: Unarmed           ||    24
 Stab: Sleeping          ||     1
Armor: Leather armour    ||     2
Dodge: Dodged            ||    16

Table legend: (Time is in decaauts)
 A = Elapsed time spent in this place.
 B = Non-inter-level travel time spent in this place.
 C = Inter-level travel time spent in this place.
 D = Time resting spent in this place.
 E = Time spent auto-exploring this place.
 F = Levels seen in this place.
 G = Mean time per level.
                   A        B        C        D        E       F      G
               +--------+--------+--------+--------+--------+-----+--------+
         Total |    153 |    153 |      0 |      0 |    120 |   1 |  153.0 |
       Dungeon |    153 |    153 |      0 |      0 |    120 |   1 |  153.0 |
               +--------+--------+--------+--------+--------+-----+--------+

Top non-repeatable levels by time:
     D:5: 153 daAuts
